 Dungeon Crawl Stone Soup version 0.22.0-75-g3901e7991e (webtiles) character file.

107 4FPSwarrior the Slasher (level 4, -3/35 HPs)
             Began as a Demonspawn Abyssal Knight on Sept 13, 2018.
             Was a Believer of Lugonu.
             Slain by Grinder (6 damage)
             ... on level 3 of the Dungeon.
             The game lasted 00:08:58 (2931 turns).

4FPSwarrior the Slasher (Demonspawn Abyssal Knight) Turns: 2931, Time: 00:08:59

Health: -3/35      AC:  6    Str: 13    XL:     4   Next: 57%
Magic:  0/5        EV: 10    Int: 13    God:    Lugonu [**....]
Gold:   189        SH:  0    Dex: 13    Spells: 3/3 levels left

rFire    . . .     SeeInvis .   a - +1 falchion
rCold    . . .     Gourm    .   (no shield)
rNeg     . . .     Faith    .   f - +0 ring mail
rPois    .         Spirit   +   o - +0 helmet
rElec    .         Reflect  .   (no cloak)
rCorr    .         Harm     .   (no gloves)
MR       .....                  (no boots)
Stlth    ..........             (no amulet)
HPRegen  0.11/turn              (no ring)
MPRegen  0.09/turn              (no ring)

@: no status effects
A: hooves 1, magic shield
a: Depart the Abyss, Bend Space, Renounce Religion


You were on level 3 of the Dungeon.
You worshipped Lugonu.
Lugonu was pleased with you.
You were hungry.

You visited 1 branch of the dungeon, and saw 3 of its levels.
You visited the Abyss 1 time.

You collected 189 gold pieces.

Inventory:

Hand Weapons
 a - a +1 falchion (weapon)
Missiles
 n - 3 stones (quivered)
Armour
 b - a +0 leather armour
 f - a +0 ring mail (worn)
 o - a +0 helmet (worn)
Scrolls
 d - a scroll of identify {unknown}
 e - a scroll of noise {unknown}
 h - 3 scrolls of enchant armour {unknown}
 i - a scroll of blinking {unknown}
 j - a scroll of teleportation {unknown}
 l - 2 scrolls of remove curse {unknown}
 p - a scroll of immolation {unknown}
Potions
 g - a potion of resistance {unknown}
 k - a potion of brilliance {unknown}
 m - a potion of curing {unknown}
Comestibles
 c - 4 rations


   Skills:
 - Level 3.0 Fighting
 + Level 4.4 Long Blades
 - Level 1.7 Armour
 - Level 0.8 Dodging
 - Level 2.4 Invocations


You had 3 spell levels left.
You didn't know any spells.
Your spell library was empty.

Dungeon Overview and Level Annotations

Branches:
Dungeon (3/15)

Altars:
Nemelex Xobeh

Annotations:
D:3 Grinder


Innate Abilities, Weirdness & Mutations

You have large cloven feet.
When hurt, damage is shared between your health and your magic reserves.


Message History

Grinder hits you!
You writhe in agony.
You closely miss Grinder. Your kick misses Grinder. Grinder gestures at you.
You barely resist. You hit Grinder. Your kick misses Grinder.
Grinder is lightly wounded.
Grinder hits you.
You writhe in agony.
You completely miss Grinder. Your kick misses Grinder.
Grinder is lightly wounded.
Grinder hits you.
You writhe in agony.
You fail to use your ability.
Grinder hits you.
* * * LOW HITPOINT WARNING * * *
You writhe in agony.
* * * LOW HITPOINT WARNING * * *
You barely miss Grinder. Your kick misses Grinder.
Grinder is lightly wounded.
Grinder hits you.
* * * LOW HITPOINT WARNING * * *
You writhe in agony.
You die...

#...... ..# #.# .....#
#.# #.# ...# #.# #.#
...#####..#####.#####.#
#..gg..g.5............#
########..#####.#######
#..# #.# #..#####.#
#...5@)..# #.########
#.# #.# #.# #.# ..


You could see Grinder.

Vanquished Creatures
  An adder (D:3)
  3 gnolls
  An ooze (D:1)
  4 worms (D:2)
  A leopard gecko (D:2)
  3 bats
  7 giant cockroaches
  5 goblins
  4 hobgoblins
  6 jackals (D:1)
  7 kobolds
  3 frilled lizards
  6 rats
51 creatures vanquished.

Notes
Turn   | Place    | Note
-------+----------+-------------------------------------------
     0 | Abyss:1  | 4FPSwarrior the Demonspawn Abyssal Knight began the quest
                  | for the Orb.
     0 | Abyss:1  | Reached XP level 1. HP: 18/18 MP: 2/2
    68 | Abyss:1  | Noticed an orange demon
    77 | Abyss:1  | Noticed a starcursed mass
    96 | Abyss:1  | Noticed a spatial maelstrom
    99 | Abyss:1  | Noticed a spatial vortex
    99 | Abyss:1  | Noticed a wretched star
   101 | D:1      | Escaped the Abyss
   162 | D:1      | Reached skill level 2 in Long Blades
   345 | D:1      | Gained mutation: You have large cloven feet. [demonic
                  | ancestry]
   345 | D:1      | Reached XP level 2. HP: 18/24 MP: 3/3
   348 | D:1      | Reached * piety under Lugonu
   739 | D:1      | Reached skill level 3 in Long Blades
   974 | D:1      | Reached XP level 3. HP: 29/29 MP: 4/4
  1643 | D:2      | Found a sparkling altar of Nemelex Xobeh.
  2160 | D:2      | Reached skill level 4 in Long Blades
  2160 | D:2      | Gained mutation: When hurt, damage is shared between your
                  | health and your magic reserves. [demonic ancestry]
  2160 | D:2      | Reached XP level 4. HP: 24/35 MP: 5/5
  2901 | D:3      | Noticed Grinder
  2902 | D:3      | Paralysed by Grinder for 2 turns
  2918 | D:3      | Reached ** piety under Lugonu
  2931 | D:3      | Slain by Grinder

Skill      XL: |  1  2  3 |
---------------+----------+-----
Long Blades    | 2 3 4 |  4.4
Fighting       | |  3.0
Armour         | |  1.7
Dodging        | |  0.8
Invocations    | |  2.4

Action                   |  1- 3 |  4- 6 || total
-------------------------+-------+-------++-------
Melee: Falchion          |   114 |    46 ||   160
       Kick              |    22 |     8 ||    30
Throw: Stone             |     6 |     2 ||     8
Invok: Depart the Abyss  |     1 |       ||     1
  Eat: Chunk             |     4 |     2 ||     6
Armor: Leather armour    |     9 |       ||     9
       Ring mail         |    28 |    16 ||    44
Dodge: Dodged            |    51 |    28 ||    79
       Rpst.: Falchion   |    14 |    14 ||    28
